 Dungeon Sprint DCSS version 0.32-a0-814-g0968bab981 (webtiles) character file.

Game seed: 4770945209237765347

830 Pestilence the Nimble (level 7, -2/62 HPs)
             Began as a Vampire Fighter on Mar 22, 2024.
             Was a Believer of Sif Muna.
             Incinerated by a deep elf pyromancer (6 damage)
             ... with a pyre arrow
             ... in the Dungeon (Sprint IX: "|||||||||||||||||||||||||||||").
             The game lasted 00:01:38 (309 turns).

Pestilence the Nimble (Vampire Fighter)              Turns: 309, Time: 00:01:38

Health: -2/62      AC: 17    Str: 17    XL:     7   Next: 65%
Magic:  7/7        EV:  6    Int: 14    God:    Sif Muna [**....]
Gold:   0          SH:  5    Dex: 13    Spells: 6/6 levels left

rFire   . . .        m - +2 scimitar (drain)
rCold   . . .        c - +0 buckler
rNeg    . . .        o - +0 plate armour
rPois   .            n - +0 helmet
rElec   .            a - +0 cloak
rCorr   .            (no gloves)
SInv    +            (no boots)
Will    .....        (no amulet) Stlth
                     p - +3 ring of intelligence
HPRegen 0.50/turn    q - +2 ring of protection
MPRegen 0.10/turn

%: no teleportation
@: mighty, on fire, healing quickly, hasted, glowing, very quick
A: alive, fangs 3, see invisible, vampiric 2
a: Exsanguinate, Renounce Religion, Channel Magic


You were in the Dungeon.
You worshipped Sif Muna.
Sif Muna was pleased with you.
You visited 1 branch

Inventory:

Hand Weapons
 m - a +2 scimitar of draining (weapon)
Armour
 a - a +0 cloak (worn)
 c - a +0 buckler (worn)
 n - a +0 helmet (worn)
 o - a +0 plate armour (worn)
Jewellery
 p - a +3 ring of intelligence (left hand)
 q - a +2 ring of protection (right hand)
Wands
 l - a wand of acid (10)
Scrolls
 j - a scroll of blinking
 k - 2 scrolls of amnesia
Potions
 e - a potion of invisibility
 h - 4 potions of magic
 i - 4 potions of curing


   Skills:
 + Level 8.3 Fighting
 + Level 8.7 Long Blades
 + Level 5.7 Armour
 + Level 9.2 Dodging
 - Level 5.9 Shields


You had 6 spell levels left.
You didn't know any spells.
Your spell library was empty.

Dungeon Overview and Level Annotations

Branches:
Dungeon (1/1)

Altars:
Cheibriados
Dithmenos
Fedhas
Gozag
Hepliaklqana
Kikubaaqudgha
Makhleb
Nemelex Xobeh
Okawaru
Qazlal
Ru
Sif Muna
Trog
Uskayaw
Vehumet
Wu Jian
Xom
Yredelemnul
Beogh
Jiyva
Lugonu


Innate Abilities, Weirdness & Mutations

Your natural rate of healing is accelerated.
You have razor-sharp teeth.
You have supernaturally acute eyesight. (SInv)
You are afflicted with vampirism and can become a bat while bloodless.


Message History

The liquid fire burns you!
You barely miss the deep elf pyromancer.
The deep elf pyromancer is heavily wounded.
The liquid fire burns you!
You block the deep elf pyromancer's attack.
You feel much better. The liquid fire burns you!
You closely miss the deep elf pyromancer.
The deep elf pyromancer is heavily wounded.
The liquid fire burns you!
The deep elf pyromancer gestures at you while chanting.
The bolt of fire hits you.
You slash the deep elf pyromancer!
The deep elf pyromancer is severely wounded.
The liquid fire burns you!
* * * LOW HITPOINT WARNING * * *
You feel much better. The liquid fire burns you!
Okay, then.
You slash the catoblepas!
The catoblepas is lightly wounded.
The liquid fire burns you!
* * * LOW HITPOINT WARNING * * *
The deep elf pyromancer casts a spell.
You slice the catoblepas!!
The catoblepas is heavily wounded.
The liquid fire burns you!
* * * LOW HITPOINT WARNING * * *
The catoblepas gores you.
* * * LOW HITPOINT WARNING * * *
You hit the catoblepas. You drain the catoblepas.
The catoblepas is heavily wounded.
The liquid fire burns you!
* * * LOW HITPOINT WARNING * * *
You are no longer corroded.
Blink to where?
Press: ? - help, Dir - move target
As you read the scroll of blinking, it crumbles to dust.
The liquid fire burns you!
You die... ▓▓▓▓▓▓▓▓▓▓▓▓▓▓▓▓▓▓▓▓▓▓▓▓▓▓▓▓▓▓▓ _______'..)....[@')....§YelWCC. ▓▓▓▓▓▓▓▓▓▓▓▓▓▓▓▓▓▓▓▓▓▓▓▓▓▓▓▓▓▓▓

There were no monsters in sight!

Vanquished Creatures
  A yak (D)
  A wraith (D)
  A vampire mosquito (D)
  An acid dragon (D)
  A water moccasin (D)
  A kobold brigand (D)
  A scorpion (D)
  A jelly (D)
  A gnoll bouda (D)
  An adder (D)
  A ribbon worm (D)
  A bat (D)
  2 hobgoblins (D)
  2 rats (D)
16 creatures vanquished.

Notes
Turn   | Place    | Note
-------+----------+-------------------------------------------
     0 | D        | Pestilence the Vampire Fighter began the quest for the Orb.
     0 | D        | Reached XP level 1. HP: 17/17 MP: 1/1
     9 | D        | Reached skill level 1 in Dodging
   123 | D        | Noticed a water moccasin
   123 | D        | Noticed a jelly
   123 | D        | Noticed a scorpion
   130 | D        | Killed a water moccasin
   131 | D        | Reached skill level 4 in Dodging
   131 | D        | Reached XP level 2. HP: 26/26 MP: 2/2
   131 | D        | Gained mutation: You are afflicted with vampirism and can
                  | become a bat while bloodless. [Vampire growth]
   131 | D        | Reached XP level 3. HP: 32/32 MP: 3/3
   131 | D        | Reached XP level 4. HP: 38/38 MP: 4/4
   133 | D        | Reached skill level 5 in Fighting
   133 | D        | Reached skill level 5 in Long Blades
   133 | D        | Reached skill level 5 in Dodging
   133 | D        | Reached skill level 5 in Shields
   137 | D        | Reached XP level 5. HP: 44/44 MP: 5/5
   152 | D        | Reached skill level 6 in Dodging
   191 | D        | Found a roughly hewn altar of Beogh.
   191 | D        | Found a snail-covered altar of Cheibriados.
   191 | D        | Found a shadowy altar of Dithmenos.
   191 | D        | Found a blossoming altar of Fedhas.
   191 | D        | Found an opulent altar of Gozag.
   192 | D        | Found a hazy altar of Hepliaklqana.
   193 | D        | Found a viscous altar of Jiyva.
   194 | D        | Found an ancient bone altar of Kikubaaqudgha.
   195 | D        | Found a corrupted altar of Lugonu.
   196 | D        | Found a burning altar of Makhleb.
   197 | D        | Found a sparkling altar of Nemelex Xobeh.
   198 | D        | Found an iron altar of Okawaru.
   199 | D        | Found a stormy altar of Qazlal.
   200 | D        | Found a sacrificial altar of Ru.
   201 | D        | Found a shimmering blue altar of Sif Muna.
   202 | D        | Found a bloodstained altar of Trog.
   203 | D        | Found a hide-covered altar of Uskayaw.
   204 | D        | Found a radiant altar of Vehumet.
   205 | D        | Found an ornate altar of the Wu Jian Council.
   206 | D        | Found a shimmering altar of Xom.
   207 | D        | Found a basalt altar of Yredelemnul.
   209 | D        | Became a worshipper of Sif Muna the Loreminder
   265 | D        | Noticed a vampire mosquito
   265 | D        | Noticed a wraith
   265 | D        | Noticed a yak
   265 | D        | Noticed an acid dragon
   272 | D        | Killed a vampire mosquito
   273 | D        | Reached skill level 7 in Dodging
   273 | D        | Reached XP level 6. HP: 39/53 MP: 6/6
   280 | D        | Killed a wraith
   280 | D        | Reached * piety under Sif Muna
   281 | D        | Reached skill level 8 in Dodging
   282 | D        | Reached XP level 7. HP: 35/60 MP: 7/7
   286 | D        | Killed a yak
   287 | D        | Reached skill level 5 in Armour
   293 | D        | Reached ** piety under Sif Muna
   294 | D        | Reached skill level 9 in Dodging
   298 | D        | Noticed a deep elf pyromancer
   298 | D        | Noticed a basilisk
   298 | D        | Noticed a catoblepas
   298 | D        | Noticed a wraith
   298 | D        | Noticed a cyclops
   298 | D        | Noticed a cyclops
   308 | D        | HP: 3/62 [burnt (3)]
   309 | D        | Incinerated by a deep elf pyromancer

Illustrated notes

Levels and vault maps discovered:
D:        linesprint [early_d, line_temple, items_1, d_10, items_2, lair_1,
          lair_end, items_3, orc_1, orc_end, items_4, d_15, swamp_1, shoals_1,
          snake_1, spider_1, d_20, vaults_1, items_5, swamp_end, shoals_end,
          snake_end, spider_end, vaults_end, d_27, items_6, zot_1, zot_end,
          crypt_end, forest_end, elf_end, slime_end, tomb_end, abyss_end,
          pan_hell_end]

Skill      XL: |  1  2  3  4  5  6  7 |
---------------+----------------------+-----
Fighting       | 4 5 6 7 8 |  8.3
Dodging        | 4 5 7 8 9 |  9.2
Shields        | 4 5 |  5.9
Long Blades    | 4 5 6 8 |  8.7
Armour         | 3 4 5 |  5.7

Action                     |  1- 3 |  4- 6 |  7- 9 || total
---------------------------+-------+-------+-------++-------
  Melee: Long sword        |    19 |    19 |       ||    38
         Scimitar          |       |    13 |    17 ||    30
         Bite              |       |     1 |     1 ||     2
    Use: Potion            |     1 |     3 |     3 ||     7
         Scroll            |       |       |     1 ||     1
 Armour: Scale mail        |    11 |    17 |       ||    28
         Plate armour      |       |    13 |    11 ||    24
  Dodge: Dodged            |     7 |     9 |       ||    16
  Block: Buckler           |     3 |     2 |     5 ||    10

Table legend: (Time is in decaauts)
 A = Elapsed time spent in this place.
 B = Non-inter-level travel time spent in this place.
 C = Inter-level travel time spent in this place.
 D = Time resting spent in this place.
 E = Time spent auto-exploring this place.
 F = Levels seen in this place.
 G = Mean time per level.
                   A        B        C        D        E       F      G
               +--------+--------+--------+--------+--------+-----+--------+
         Total |    312 |    312 |      0 |    140 |      0 |   1 |  312.0 |
       Dungeon |    312 |    312 |      0 |    140 |      0 |   1 |  312.0 |
               +--------+--------+--------+--------+--------+-----+--------+

Top non-repeatable levels by time:
       D: 312 daAuts
